 Dungeon Crawl Stone Soup version 0.31-a0-836-g3ceb0a68c4 (webtiles) character file.

Game seed: 537769012161529737

119 Maratek the Skirmisher (level 5, 0/43 HPs)
             Began as a Gnoll Hunter on Sept 26, 2023.
             Slain by Pikel
             ... wielding a +2 whip of electrocution
              (1 damage)
             ... on level 4 of the Dungeon.
             The game lasted 00:03:51 (2588 turns).

Maratek the Skirmisher (Gnoll Hunter)               Turns: 2588, Time: 00:03:52

Health: 0/43       AC:  4    Str: 16    XL:     5   Next: 3%
Magic:  0/7        EV: 14    Int:  8    God:
Gold:   113        SH:  0    Dex: 18    Spells: 6/6 levels left

rFire   . . .        a - +0 shortbow
rCold   . . .        (shield currently unavailable)
rNeg    . . .        c - +0 leather armour
rPois   .            (no helmet)
rElec   .            (no cloak)
rCorr   +            m - +0 pair of gloves
SInv    .            (no boots)
Will    .....        e - amulet of guardian spirit
Stlth   ++           u - +6 ring of strength
HPRegen 0.27/turn    l - ring of resist corrosion
MPRegen 0.10/turn

%: guardian spirit
@: no status effects
A: fangs 1, strong nose, distributed training
a: no special abilities


You were on level 4 of the Dungeon.
You visited 1 branch of the dungeon, and saw 4 of its levels.

You collected 113 gold pieces.

Inventory:

Hand Weapons
 a - a +0 shortbow (weapon)
Armour
 c - a +0 leather armour (worn)
 m - a +0 pair of gloves (worn)
Jewellery
 e - an amulet of guardian spirit (around neck)
 l - a ring of resist corrosion (right hand)
 u - a +6 ring of strength (left hand)
Scrolls
 b - a scroll of butterflies
 d - a scroll of fear {unknown}
 f - a scroll of amnesia {unknown}
 n - 2 scrolls of identify {unknown}
 o - 2 scrolls of revelation {unknown}
 r - a scroll of teleportation {unknown}
 s - a scroll of immolation {unknown}
 t - a scroll of vulnerability {unknown}
 v - a scroll of acquirement {unknown}
Potions
 g - a potion of curing {unknown}
 h - a potion of resistance {unknown}
 i - 2 potions of haste {unknown}
 j - 2 potions of heal wounds {unknown}
 k - a potion of brilliance {unknown}
 p - 2 potions of mutation {unknown}
 q - a potion of degeneration {unknown}


   Skills:
 + Level 4.7 Fighting
 + Level 1.3 Short Blades
 + Level 1.3 Long Blades
 + Level 1.3 Axes
 + Level 1.3 Maces & Flails
 + Level 1.3 Polearms
 + Level 1.3 Staves
 + Level 8.6 Ranged Weapons
 + Level 1.3 Throwing
 + Level 1.3 Armour
 + Level 4.7 Dodging
 + Level 2.7 Stealth
 + Level 1.3 Shields
 + Level 1.3 Unarmed Combat
 + Level 1.3 Spellcasting
 + Level 1.1 Conjurations
 + Level 1.1 Hexes
 + Level 1.1 Summonings
 + Level 1.1 Necromancy
 + Level 1.1 Translocations
 + Level 1.1 Transmutations
 + Level 1.1 Fire Magic
 + Level 1.1 Ice Magic
 + Level 1.1 Air Magic
 + Level 1.1 Earth Magic
 + Level 1.1 Poison Magic
 + Level 1.5 Invocations
 + Level 1.3 Evocations
 + Level 1.2 Shapeshifting


You had 6 spell levels left.
You didn't know any spells.
Your spell library contained the following spells:

 Spells                   Type           Power      Damage    Failure   Level
 Freeze                   Ice            8%         1d3       30%         1
 Lesser Beckoning         Tloc           4%         N/A       41%         2
 Frozen Ramparts          Ice            4%         1d1       65%         3
 Gell's Gravitas          Tloc           2%         N/A       65%         3
 Hailstorm                Conj/Ice       2%         3d3       65%         3
 Teleport Other           Tloc           2%         N/A       65%         3


Dungeon Overview and Level Annotations

Branches:
Dungeon (4/15)
 Temple: D:4-7

Altars:
Trog

Shops:
D:1 :[   D:2 (

Annotations:
D:4 Pikel


Innate Abilities, Weirdness & Mutations

You have very sharp teeth.
Your uncanny sense of smell can sniff out nearby items.
Your experience applies equally to all skills.


Message History

The lemure is almost dead.
The lemure hits you! The lemure barely misses you.
You shoot an arrow.
The arrow hits the lemure but does no damage.
The lemure is almost dead.
The lemure completely misses you.
You shoot an arrow.
The arrow hits the lemure but does no damage.
The lemure is almost dead.
The lemure closely misses you.
You shoot an arrow. The arrow misses the lemure.
Pikel misses you. The lemure barely misses you.
You shoot an arrow. The arrow hits the lemure.
The lemure is almost dead.
Pikel waves his whip at you.
Pikel zaps a wand.
Your mind is blasted!
You shoot an arrow. The arrow barely misses the lemure.
Pikel closely misses you. The lemure hits you. x2
You shoot an arrow. The arrow hits the lemure.
You kill the lemure!
That felt strangely unrewarding.
Pikel hits you but does no damage.
You are electrocuted!
* * * LOW HITPOINT WARNING * * *
You are too injured to fight recklessly!
You are too injured to fight recklessly!
You are too injured to fight recklessly!
The lemure hits you.
* * * LOW HITPOINT WARNING * * *
Pikel attacks as he pursues you!
Pikel hits you with a +2 whip of electrocution.
* * * LOW HITPOINT WARNING * * *
Pikel attacks as he pursues you!
Pikel hits you with a +2 whip of electrocution.
* * * LOW HITPOINT WARNING * * *
Pikel hits you with a +2 whip of electrocution!
* * * LOW HITPOINT WARNING * * *
The lemure barely misses you. Pikel attacks as he pursues you!
Pikel hits you with a +2 whip of electrocution.
You die...
Pikel says, "See you in Hell!"

#............#
#......#####.# # #......#
#.# #. ##########.######.#
#.######.................#
#>....................####
...####.######..####.#..#
#.####.######..####.#...
#.#.....K@...........=....
#......55######...........
#.##############.#########
.................
########.##......
...#.##.#...<
###.#.##'#####
#.....#.......
#.....#...####


You could see Pikel and 2 lemures.

Vanquished Creatures
  A lemure (D:4)
  6 adders
  A worm (D:2)
  2 dart slugs (D:1)
  An orc (D:4)
  5 ball pythons
  3 bats
  7 endoplasms
  A giant cockroach (D:1)
  6 goblins
  6 hobgoblins
  2 quokkas
  11 frilled lizards
  6 kobolds
  A rat (D:1)
59 creatures vanquished.

Notes
Turn   | Place    | Note
-------+----------+-------------------------------------------
     0 | D:1      | Maratek the Gnoll Hunter began the quest for the Orb.
     0 | D:1      | Reached XP level 1. HP: 20/20 MP: 1/1
   137 | D:1      | Found Dojaoll's Book Emporium.
   207 | D:1      | Found Heit's Antique Armour Emporium.
   275 | D:1      | Reached XP level 2. HP: 26/26 MP: 2/2
   693 | D:1      | Reached XP level 3. HP: 28/31 MP: 1/3
  1114 | D:2      | Found Iruqeck's Weapon Emporium.
  1160 | D:2      | Reached skill level 1 in Invocations
  1190 | D:2      | Reached skill level 1 in Short Blades
  1190 | D:2      | Reached skill level 1 in Long Blades
  1190 | D:2      | Reached skill level 1 in Axes
  1190 | D:2      | Reached skill level 1 in Maces & Flails
  1190 | D:2      | Reached skill level 1 in Polearms
  1190 | D:2      | Reached skill level 1 in Staves
  1190 | D:2      | Reached skill level 1 in Throwing
  1190 | D:2      | Reached skill level 1 in Armour
  1190 | D:2      | Reached skill level 1 in Shields
  1190 | D:2      | Reached skill level 1 in Unarmed Combat
  1190 | D:2      | Reached skill level 1 in Spellcasting
  1190 | D:2      | Reached skill level 1 in Evocations
  1213 | D:2      | Reached skill level 1 in Shapeshifting
  1213 | D:2      | Reached XP level 4. HP: 38/38 MP: 5/5
  1551 | D:2      | Identified the +8 chain mail of Laghimuoto {rPois rF+ Str+5
                  | Int+4}
  1781 | D:3      | Reached skill level 1 in Conjurations
  1781 | D:3      | Reached skill level 1 in Hexes
  1781 | D:3      | Reached skill level 1 in Summonings
  1781 | D:3      | Reached skill level 1 in Necromancy
  1781 | D:3      | Reached skill level 1 in Translocations
  1781 | D:3      | Reached skill level 1 in Transmutations
  1781 | D:3      | Reached skill level 1 in Fire Magic
  1781 | D:3      | Reached skill level 1 in Ice Magic
  1781 | D:3      | Reached skill level 1 in Air Magic
  1781 | D:3      | Reached skill level 1 in Earth Magic
  1781 | D:3      | Reached skill level 1 in Poison Magic
  2245 | D:3      | Found a bloodstained altar of Trog.
  2394 | D:4      | Reached XP level 5. HP: 43/43 MP: 5/7
  2567 | D:4      | Noticed a lemure
  2570 | D:4      | Noticed a lemure
  2571 | D:4      | Noticed Pikel
  2574 | D:4      | Noticed a lemure
  2583 | D:4      | Killed a lemure
  2587 | D:4      | HP: 1/43 [Pikel/+2 whip of electrocution (5)]
  2588 | D:4      | Slain by Pikel

Illustrated notes

Levels and vault maps discovered:
D:1:      psy_arrival_fountain, layout_loops_corners, serial_shops,
          nicolae_shop_just_a_little_nook, nicolae_shop_hallway_plus,
          minmay_lizard_king
D:2:      layout_basic, serial_shops, shop, minmay_quadrilaterals
D:3:      layout_loops_cross, lemuel_coloured_pillars_altar,
          chequers_decorated_corner
D:4:      layout_basic, uniq_pikel

Skill      XL: |  1  2  3  4 |
---------------+-------------+-----
Invocations    | 1 |  1.5
Short Blades   | 1 |  1.3
Long Blades    | 1 |  1.3
Axes           | 1 |  1.3
Maces & Flails | 1 |  1.3
Polearms       | 1 |  1.3
Staves         | 1 |  1.3
Throwing       | 1 |  1.3
Armour         | 1 |  1.3
Shields        | 1 |  1.3
Unarmed Combat | 1 |  1.3
Spellcasting   | 1 |  1.3
Evocations     | 1 |  1.3
Shapeshifting  | 1 |  1.2
Conjurations   | 1 |  1.1
Hexes          | 1 |  1.1
Summonings     | 1 |  1.1
Necromancy     | 1 |  1.1
Translocations | 1 |  1.1
Transmutations | 1 |  1.1
Fire Magic     | 1 |  1.1
Ice Magic      | 1 |  1.1
Air Magic      | 1 |  1.1
Earth Magic    | 1 |  1.1
Poison Magic   | 1 |  1.1
Fighting       | |  4.7
Ranged Weapons | |  8.6
Dodging        | |  4.7
Stealth        | |  2.7

Action                     |  1- 3 |  4- 6 || total
---------------------------+-------+-------++-------
   Fire: Shortbow          |    95 |    73 ||   168
 Armour: Leather armour    |    17 |    21 ||    38
  Dodge: Dodged            |    26 |    26 ||    52

Table legend: (Time is in decaauts)
 A = Elapsed time spent in this place.
 B = Non-inter-level travel time spent in this place.
 C = Inter-level travel time spent in this place.
 D = Time resting spent in this place.
 E = Time spent auto-exploring this place.
 F = Levels seen in this place.
 G = Mean time per level.
                   A        B        C        D        E       F      G
               +--------+--------+--------+--------+--------+-----+--------+
         Total |   2588 |   2447 |    141 |      0 |   2123 |   4 |  647.0 |
       Dungeon |   2588 |   2447 |    141 |      0 |   2123 |   4 |  647.0 |
               +--------+--------+--------+--------+--------+-----+--------+

Top non-repeatable levels by time:
     D:1: 912 daAuts
     D:2: 743 daAuts
     D:3: 705 daAuts
     D:4: 227 daAuts
